DSL
DSL SEATTLE MARINERS @ DSL SAN FRANCISCO GIANTS
07/30/2041
 
TOP OF THE 1ST
DSL Seattle Mariners batting - Pitching for DSL San Francisco Giants : RHP Mario López
Pitching: RHP Mario López
Batting: LHB Eric Bowles 0-0: Ground out 1-3 (Groundball, 34S, EV 71.9 MPH)
Batting: RHB Sean Wall 0-0: Ball
1-0: Ball
2-0: Foul Ball, location: 2F
2-1: Ground out 5-3 (Groundball, 25, EV 80.6 MPH)
Batting: RHB Beau Durham 0-0: Foul Ball, location: 9LDF
0-1: Ball
1-1: Ball
2-1: Fly out, F8 (Flyball, 8RD, EV 105.0 MPH)
Top of the 1st over - 0 runs, 0 hits, 0 errors, 0 left on base; DSL Seattle 0 - DSL San Francisco 0
BOTTOM OF THE 1ST
DSL San Francisco Giants batting - Pitching for DSL Seattle Mariners : RHP Ed Hodges
Pitching: RHP Ed Hodges
Batting: SHB Teófilo Camizo 0-0: DOUBLE (Flyball, 78D, EV 98.1 MPH)
Batting: RHB Dani López 0-0: Called Strike
0-1: Ball
1-1: Swinging Strike
1-2: Strikes out swinging
Batting: RHB Norm Barnes 0-0: Swinging Strike
0-1: SINGLE (Groundball, 4M, EV 96.9 MPH)
Teófilo Camizo to third
Runner from 3rd tries for Home, SAFE, throw by CF to home
Batting: SHB António Icaza 0-0: Ball
1-0: Ball
2-0: Ball
3-0: Called Strike
3-1: Base on Balls
Norm Barnes to second
Batting: RHB Benigno Rentería 0-0: Called Strike
0-1: Ball
1-1: Foul Ball, location: 2F
1-2: Ball
2-2: Strikes out swinging
Batting: LHB José Avilés 0-0: Ball
1-0: Fly out, F7 (Flyball, 7, EV 100.0 MPH)
Bottom of the 1st over - 1 run, 2 hits, 0 errors, 2 left on base; DSL Seattle 0 - DSL San Francisco 1
TOP OF THE 2ND
DSL Seattle Mariners batting - Pitching for DSL San Francisco Giants : RHP Mario López
Batting: LHB Jorge Gonzáles 0-0: Foul Ball, location: 23FF
0-1: Foul Ball, location: 2F
0-2: Ball
1-2: Strikes out looking
Batting: RHB Ben Gibbs 0-0: Called Strike
0-1: Ball
1-1: Called Strike
1-2: Ball
2-2: Ball
3-2: Foul Ball, location: 3F
3-2: Foul Ball, location: 9LSF
3-2: Base on Balls
Batting: RHB Danny Hamilton 0-0: SINGLE (Line Drive, 56D, EV 98.1 MPH)
Ben Gibbs to second
Batting: LHB Juan Jose Flores 0-0: Fielders Choice at 2nd, 3-6 (Groundball, 34S, EV 83.8 MPH)
Ben Gibbs to third
Batting: RHB Pat Snyder 0-0: Called Strike
0-1: Ball
1-1: Called Strike
1-2: Foul Ball, location: 2F
1-2: Strikes out looking
Top of the 2nd over - 0 runs, 1 hit, 0 errors, 2 left on base; DSL Seattle 0 - DSL San Francisco 1
BOTTOM OF THE 2ND
DSL San Francisco Giants batting - Pitching for DSL Seattle Mariners : RHP Ed Hodges
Batting: RHB Ernesto Duarte 0-0: Ball
1-0: Ground out 4-3 (Groundball, 4, EV 100.6 MPH)
Batting: RHB José Sánchez 0-0: Called Strike
0-1: Called Strike
0-2: Strikes out swinging
Batting: RHB Albert Jiménez 0-0: Ball
1-0: Ball
2-0: Ball
3-0: Base on Balls
Batting: SHB Teófilo Camizo 0-0: Ball
1-0: Ball
2-0: Ball
3-0: Called Strike
3-1: Base on Balls
Albert Jiménez to second
Batting: RHB Dani López 0-0: Ball
1-0: Fielders Choice at 2nd, 6-4 (Groundball, 6, EV 85.0 MPH)
Bottom of the 2nd over - 0 runs, 0 hits, 0 errors, 2 left on base; DSL Seattle 0 - DSL San Francisco 1
TOP OF THE 3RD
DSL Seattle Mariners batting - Pitching for DSL San Francisco Giants : RHP Mario López
Batting: RHB Jim Unknown 0-0: Ball
1-0: Swinging Strike
1-1: Swinging Strike
1-2: Ball
2-2: Foul Ball, location: 5DF
2-2: Ball
3-2: Base on Balls
Batting: LHB Eric Bowles 0-0: Sac Bunt to 15S - play at first, batter OUT! 1-3
Jim Unknown to second
Batting: RHB Sean Wall 0-0: Swinging Strike
0-1: Ball
1-1: Foul Ball, location: 2F
1-2: Strikes out swinging
Batting: RHB Beau Durham 0-0: Called Strike
0-1: Ground out 1-3 (Groundball, 15S, EV 62.5 MPH)
Top of the 3rd over - 0 runs, 0 hits, 0 errors, 1 left on base; DSL Seattle 0 - DSL San Francisco 1
BOTTOM OF THE 3RD
DSL San Francisco Giants batting - Pitching for DSL Seattle Mariners : RHP Ed Hodges
Batting: RHB Norm Barnes 0-0: Ball
1-0: Ball
2-0: Ball
3-0: Called Strike
3-1: Foul Ball, location: 2F
3-2: Fly out, F5 (Line Drive, 5, EV 72.5 MPH)
Batting: SHB António Icaza 0-0: Foul Ball, location: 7LSF
0-1: Foul Ball, location: 2LF
0-2: Strikes out swinging
Batting: RHB Benigno Rentería 0-0: Foul Ball, location: 23FF
0-1: Called Strike
0-2: Ball
1-2: Strikes out swinging
Bottom of the 3rd over - 0 runs, 0 hits, 0 errors, 0 left on base; DSL Seattle 0 - DSL San Francisco 1
TOP OF THE 4TH
DSL Seattle Mariners batting - Pitching for DSL San Francisco Giants : RHP Mario López
Batting: LHB Jorge Gonzáles 0-0: Foul Ball, location: 2F
0-1: Foul Ball, location: 25F
0-2: Foul Ball, location: 2F
0-2: Strikes out swinging
Batting: RHB Ben Gibbs 0-0: Ball
1-0: Swinging Strike
1-1: Called Strike
1-2: Foul Ball, location: 23FF
1-2: Foul Ball, location: 3DF
1-2: Foul Ball, location: 9LSF
1-2: Strikes out swinging
Batting: RHB Danny Hamilton 0-0: Ball
1-0: Called Strike
1-1: Ball
2-1: Ball
3-1: Base on Balls
Batting: LHB Juan Jose Flores 0-0: Ball
1-0: Ball
2-0: Ball
3-0: Called Strike
3-1: Fly out, F9 (Flyball, 9, EV 90.6 MPH)
Top of the 4th over - 0 runs, 0 hits, 0 errors, 1 left on base; DSL Seattle 0 - DSL San Francisco 1
BOTTOM OF THE 4TH
DSL San Francisco Giants batting - Pitching for DSL Seattle Mariners : RHP Ed Hodges
Batting: LHB José Avilés 0-0: Ball
1-0: Ball
2-0: Called Strike
2-1: Ball
3-1: Called Strike
3-2: Base on Balls
Batting: RHB Ernesto Duarte 0-0: Sac Bunt to 2L - play at first, batter OUT! 2-3
José Avilés to second
Batting: RHB José Sánchez 0-0: Called Strike
0-1: Called Strike
0-2: Ball
1-2: Foul Ball, location: 5SF
1-2: Strikes out swinging
Batting: RHB Albert Jiménez 0-0: Ball
1-0: Ball
2-0: Ball
3-0: Base on Balls
Batting: SHB Teófilo Camizo 0-0: Ball
1-0: Called Strike
1-1: Ball
2-1: SINGLE (Groundball, 6M, EV 105.0 MPH) (infield hit)
José Avilés to third
Albert Jiménez to second
Batting: RHB Dani López 0-0: Called Strike
0-1: Foul Ball, location: 9LDF
0-2: Foul Ball, location: 5DF
0-2: SINGLE (Flyball, 5D, EV 85.0 MPH)
José Avilés scores
Albert Jiménez to third
Teófilo Camizo to second
Runner from 3rd tries for Home, SAFE, throw by LF to home
Batting: RHB Norm Barnes 0-0: Called Strike
0-1: Foul Ball, location: 3SF
0-2: Strikes out looking
Bottom of the 4th over - 2 runs, 2 hits, 0 errors, 2 left on base; DSL Seattle 0 - DSL San Francisco 3
TOP OF THE 5TH
DSL Seattle Mariners batting - Pitching for DSL San Francisco Giants : RHP Mario López
Batting: RHB Pat Snyder 0-0: Called Strike
0-1: TRIPLE (Line Drive, 89XD, EV 100.6 MPH)
Batting: RHB Jim Unknown 0-0: Ball
1-0: Foul Ball, location: 9LDF
1-1: Ball
2-1: Swinging Strike
2-2: Foul Ball, location: 3FF
2-2: Ball
3-2: Strikes out swinging
Batting: LHB Eric Bowles 0-0: Ball
1-0: Fly out, F8 (Flyball, 78S, EV 86.3 MPH)
Batting: RHB Sean Wall 0-0: Called Strike
0-1: Called Strike
0-2: Ball
1-2: Ball
2-2: Foul Ball, location: 2F
2-2: Ball
3-2: Foul Ball, location: 2F
3-2: Strikes out swinging
Top of the 5th over - 0 runs, 1 hit, 0 errors, 1 left on base; DSL Seattle 0 - DSL San Francisco 3
BOTTOM OF THE 5TH
DSL San Francisco Giants batting - Pitching for DSL Seattle Mariners : RHP Ed Hodges
Batting: SHB António Icaza 0-0: Called Strike
0-1: Called Strike
0-2: Strikes out swinging
Batting: RHB Benigno Rentería 0-0: Called Strike
0-1: Ball
1-1: Ball
2-1: Ball
3-1: Base on Balls
Batting: LHB José Avilés 0-0: Ball
1-0: Ball
2-0: Called Strike
2-1: Ball
3-1: Foul Ball, location: 2LF
3-2: SINGLE (Groundball, 34D, EV 100.0 MPH)
Benigno Rentería to second
Runner from 2nd tries for 3rd, SAFE, throw by RF made to third
Batting: RHB Ernesto Duarte 0-0: Ball
1-0: Foul Ball, location: 5FF
1-1: Ball
2-1: Fielders Choice at home, 6-2 (Groundball, 6, EV 97.5 MPH)
José Avilés to second
Batting: RHB José Sánchez 0-0: Ball
1-0: Ball
2-0: Ball
3-0: Called Strike
3-1: Base on Balls
José Avilés to third
Ernesto Duarte to second
Batting: RHB Albert Jiménez 0-0: Ball
1-0: Ball
2-0: Ball
3-0: Called Strike
3-1: Base on Balls
José Avilés scores
Ernesto Duarte to third
José Sánchez to second
Batting: SHB Teófilo Camizo 0-0: Ball
1-0: Foul Ball, location: 2F
1-1: DOUBLE (Line Drive, 89XD, EV 108.8 MPH)
Ernesto Duarte scores
José Sánchez scores
Albert Jiménez to third
Runner from 3rd tries for Home, SAFE, throw by CF to home
Batting: RHB Dani López 0-0: Ball
1-0: Foul Ball, location: 23F
1-1: Ball
2-1: Ball
3-1: Base on Balls
Batting: RHB Norm Barnes 0-0: Ball
1-0: Ball
2-0: Foul Ball, location: 23F
2-1: Swinging Strike
2-2: Strikes out swinging
Bottom of the 5th over - 4 runs, 2 hits, 0 errors, 2 left on base; DSL Seattle 0 - DSL San Francisco 7
TOP OF THE 6TH
DSL Seattle Mariners batting - Pitching for DSL San Francisco Giants : RHP Mario López
Pitching: RHP Tony Martínez
Batting: RHB Beau Durham 0-0: Ball
1-0: Ball
2-0: Foul Ball, location: 9LMFF
2-1: Foul Ball, location: 2F
2-2: Ball
3-2: Strikes out swinging
Batting: LHB Jorge Gonzáles 0-0: Ball
1-0: Swinging Strike
1-1: Foul Ball, location: 25F
1-2: Ball
2-2: Ball
3-2: Strikes out swinging
Batting: RHB Ben Gibbs 0-0: DOUBLE (Line Drive, 78XD, EV 103.1 MPH)
Batting: RHB Danny Hamilton 0-0: Ball
1-0: Called Strike
1-1: Ball
2-1: SINGLE (Groundball, 4S, EV 68.8 MPH) (infield hit)
Ben Gibbs to third
Batting: LHB Juan Jose Flores 0-0: Called Strike
0-1: Foul Ball, location: 3SF
0-2: Strikes out swinging
Top of the 6th over - 0 runs, 2 hits, 0 errors, 2 left on base; DSL Seattle 0 - DSL San Francisco 7
BOTTOM OF THE 6TH
DSL San Francisco Giants batting - Pitching for DSL Seattle Mariners : RHP Ed Hodges
Batting: SHB António Icaza 0-0: Ball
1-0: Ground out 4-3 (Groundball, 4, EV 80.6 MPH)
Batting: RHB Benigno Rentería 0-0: Fly out, F3 (Popup, 3SF, EV 66.3 MPH)
Batting: LHB José Avilés 0-0: Ball
1-0: Fly out, F9 (Flyball, 9D, EV 85.0 MPH)
Bottom of the 6th over - 0 runs, 0 hits, 0 errors, 0 left on base; DSL Seattle 0 - DSL San Francisco 7
TOP OF THE 7TH
DSL Seattle Mariners batting - Pitching for DSL San Francisco Giants : RHP Tony Martínez
Batting: RHB Pat Snyder 0-0: Foul Ball, location: 2F
0-1: Swinging Strike
0-2: Strikes out swinging
Batting: RHB Jim Unknown 0-0: Foul Ball, location: 7LMF
0-1: SOLO HOME RUN (Flyball, 7D, EV 99.4 MPH), Distance : 384 ft
Batting: LHB Eric Bowles 0-0: Fly out, F7 (Flyball, 7LM, EV 91.3 MPH)
Batting: RHB Sean Wall 0-0: Called Strike
0-1: Foul Ball, location: 3SF
0-2: Strikes out swinging
Top of the 7th over - 1 run, 1 hit, 0 errors, 0 left on base; DSL Seattle 1 - DSL San Francisco 7
BOTTOM OF THE 7TH
DSL San Francisco Giants batting - Pitching for DSL Seattle Mariners : RHP Ed Hodges
Batting: RHB Ernesto Duarte 0-0: Ball
1-0: Foul Ball, location: 2F
1-1: Ball
2-1: Ball
3-1: Base on Balls
Batting: RHB José Sánchez 0-0: Ball
1-0: Swinging Strike
1-1: Called Strike
1-2: Ball
2-2: Strikes out swinging
Batting: RHB Albert Jiménez 0-0: Ball
1-0: Called Strike
Ernesto Duarte is caught stealing 2nd base 2-4
1-1: SINGLE (Line Drive, 7S, EV 103.8 MPH)
Batting: SHB Teófilo Camizo 0-0: Ball
1-0: Ball
2-0: Ball
3-0: Base on Balls
Albert Jiménez to second
Batting: RHB Dani López 0-0: Called Strike
0-1: Foul Ball, location: 7LMF
0-2: Ball
1-2: Ball
2-2: Foul Ball, location: 9LDF
2-2: Ball
3-2: Base on Balls
Albert Jiménez to third
Teófilo Camizo to second
Batting: RHB Norm Barnes 0-0: Ball
1-0: Ball
2-0: SINGLE (Line Drive, 3D, EV 98.1 MPH)
Albert Jiménez scores
Teófilo Camizo to third
Dani López to second
Runner from 3rd tries for Home, throw by RF and OUT! 9-2
Bottom of the 7th over - 1 run, 2 hits, 0 errors, 2 left on base; DSL Seattle 1 - DSL San Francisco 8
TOP OF THE 8TH
DSL Seattle Mariners batting - Pitching for DSL San Francisco Giants : RHP Tony Martínez
Batting: RHB Beau Durham 0-0: Called Strike
0-1: Ball
1-1: Fly out, F9 (Line Drive, 9, EV 94.4 MPH)
Batting: LHB Jorge Gonzáles 0-0: Ball
1-0: Called Strike
1-1: Ball
2-1: Swinging Strike
2-2: Ball
3-2: Strikes out looking
Batting: RHB Ben Gibbs 0-0: Called Strike
0-1: Ball
1-1: Ball
2-1: Foul Ball, location: 25F
2-2: Strikes out swinging
Top of the 8th over - 0 runs, 0 hits, 0 errors, 0 left on base; DSL Seattle 1 - DSL San Francisco 8
BOTTOM OF THE 8TH
DSL San Francisco Giants batting - Pitching for DSL Seattle Mariners : RHP Ed Hodges
Pitching: RHP Jim Unknown
Batting: SHB António Icaza 0-0: Fly out, F7 (Flyball, 78S, EV 93.8 MPH)
Pinch Hitting: RHB Dan Edgar 0-0: Hit by Pitch
Batting: LHB José Avilés 0-0: Called Strike
0-1: Ball
1-1: Swinging Strike
1-2: Strikes out swinging
Batting: RHB Ernesto Duarte 0-0: Called Strike
Dan Edgar steals 2nd base (no throw)
0-1: Ball
1-1: Ball
2-1: Ball
3-1: Ground out 6-3 (Groundball, 6, EV 85.0 MPH)
Bottom of the 8th over - 0 runs, 0 hits, 0 errors, 1 left on base; DSL Seattle 1 - DSL San Francisco 8
TOP OF THE 9TH
DSL Seattle Mariners batting - Pitching for DSL San Francisco Giants : RHP Tony Martínez
Now at 3B: Dan Edgar
Batting: RHB Danny Hamilton 0-0: Ball
1-0: Ball
2-0: Swinging Strike
2-1: Foul Ball, location: 2F
2-2: Strikes out swinging
Pitching: RHP Orlando Castillo
Pinch Hitting: RHB Sergio López 0-0: Ball
1-0: Called Strike
1-1: Ground out 4-3 (Groundball, 4, EV 83.1 MPH)
Batting: SHB Cristo San Miquel 0-0: Called Strike
0-1: Foul Ball, location: 7LMF
0-2: Strikes out swinging
Top of the 9th over - 0 runs, 0 hits, 0 errors, 0 left on base; DSL Seattle 1 - DSL San Francisco 8
Wednesday, April 3rd , 2024 - OOTP Baseball 24.10 Build 82